Map: Orbital Shipyard

Players

LilDicky - Winner!

  • Race: Terran Terran
  • League: Diamond

Agrippa

  • Race: Protoss Protoss
  • League: Platinum

VOD

http://www.twitch.tv/tumescentpie

Description

Time

  • Played on: Nov. 26, 2015, 5:11 p.m.
  • Length: 6:16
Show
View Real Time Build Order
Export as new Build Order

LilDicky Terran - Winner!

Build Orders: MMM Bio 

Get SALT Encoding   

  12  0:01  SCV  
  13  0:13  SCV  
  14  0:18  Supply Depot  
  14  0:28  SCV  
  15  0:32  Refinery  
  15  0:40  SCV  
  16  0:45  Barracks  
  16  0:54  SCV  
  17  1:06  SCV  
  18  1:18  SCV  
  19  1:31  SCV  
  20  1:35  Supply Depot  
  20  1:36  Marine  
  21  1:42  Factory  
  21  1:44  Orbital Command  
  21  1:53  Marine  
  22  2:12  Barracks  
  22  2:14  SCV  
  23  2:16  Barracks  
  23  2:21  Barracks Reactor  
  23  2:25  Refinery  
  23  2:26  SCV  
  24  2:34  Supply Depot  
  24  2:38  SCV  
  24  2:41  Widow Mine  
  27  3:00  SCV  
  27  3:02  Barracks Tech Lab  
  27  3:04  Barracks Tech Lab, Marine  
  27  3:05  Marine  
  30  3:08  Supply Depot  
  30  3:10  Widow Mine  
  30  3:12  SCV  
  32  3:27  Marauder, Marine x2  
  32  3:30  Combat Shields, Stimpack  
  36  3:38  Marine  
  37  3:45  Marine  
  38  4:05  SCV  
  38  4:06  Marine x2  
  38  4:07  Marauder x2  
  45  4:25  Marine x2  
  45  4:27  Starport  
  45  4:29  Marauder x2  
  51  4:43  Marine x2  
  53  4:50  Marauder  
  55  4:53  Marauder  
  55  4:55  Concussive Shells  
  55  5:07  Supply Depot  
  55  5:12  Medivac  
  55  5:14  Supply Depot  
  55  5:28  Marine x2  
  55  5:29  SCV, Marauder x2  
  61  5:38  Widow Mine  
  63  5:46  Marine  
  60  5:50  Marauder  
Show
View Real Time Build Order
Export as new Build Order

Agrippa Protoss 

Build Orders: 1 Gate Expand 

Get SALT Encoding   

  12  0:01  Probe (Chrono Boost)  
  13  0:11  Probe (Chrono Boost)  
  14  0:18  Pylon  
  14  0:22  Probe (Chrono Boost)  
  15  0:36  Probe (Chrono Boost)  
  15  0:41  Gateway  
  16  0:47  Probe (Chrono Boost)  
  17  0:57  Probe (Chrono Boost)  
  18  1:08  Probe (Chrono Boost)  
  19  1:15  Nexus  
  19  1:18  Probe (Chrono Boost)  
  20  1:26  Assimilator  
  20  1:29  Probe (Chrono Boost)  
  21  1:36  Cybernetics Core  
  21  1:45  Assimilator  
  21  1:48  Pylon  
  21  1:51  Probe (Chrono Boost)  
  22  2:07  Probe (Chrono Boost)  
  23  2:14  Warp Gate  
  23  2:23  Probe (Chrono Boost)  
  23  2:29  Stalker, Gateway  
  25  2:33  Probe (Chrono Boost)  
  25  2:34  Probe (Chrono Boost)  
  27  2:38  Assimilator  
  27  2:44  Probe (Chrono Boost)  
  28  2:45  Probe (Chrono Boost)  
  29  2:55  Mothership Core (Chrono Boost)  
  31  2:58  Assimilator  
  31  3:02  Stalker  
  33  3:06  Probe (Chrono Boost)  
  34  3:13  Probe (Chrono Boost)  
  34  3:16  Probe (Chrono Boost)  
  36  3:29  Probe (Chrono Boost)  
  36  3:33  Robotics Facility  
  34  3:50  Probe x2 (Chrono Boost)  
  31  4:21  Observer  
  29  4:43  Stalker x2  
  33  4:51  Immortal  
  37  4:55  Probe x2 (Chrono Boost)  
  38  5:14  Probe (Chrono Boost)  
  38  5:15  Probe (Chrono Boost)  
  38  5:19  Sentry  
  38  5:20  Sentry  
  44  5:25  Probe x2 (Chrono Boost)  
  46  5:42  Pylon  
  46  5:44  Pylon  
  40  6:01  Stalker  
  40  6:04  Stalker  
Tags
 
Add a new tag
Caveats
  • Supply blocks, unpowered buildings, or Contaminate may cause inaccurate times.
  • Supply counts are checked every 10 seconds.